 Dungeon Crawl Stone Soup version 0.22-a0-614-g34fbaa0 (webtiles) character file.

62 EloyTheNewbi the Charmwright (level 4, -9/38 HPs)
             Began as a Gnoll Skald on July 14, 2018.
             Mangled by Sigmund
             ... wielding a +0 scythe
              (13 damage)
             ... on level 2 of the Dungeon.
             The game lasted 00:07:59 (1293 turns).

EloyTheNewbi the Charmwright (Gnoll Skald)          Turns: 1293, Time: 00:07:59

Health: -9/38      AC:  7    Str: 14    XL:     4   Next: 8%
Magic:  11/11      EV: 20    Int: 15    God:
Gold:   66         SH:  0    Dex: 20    Spells: 12/13 levels left

rFire    . . .     SeeInvis .   m - +2 quarterstaff (chaos)
rCold    + . .     Gourm    .   (shield currently unavailable)
rNeg     . . .     Faith    .   b - +0 leather armour
rPois    .         Spirit   .   k - +2 helmet
rElec    .         Reflect  .   n - +0 cloak
rCorr    .         Harm     .   (no gloves)
MR       .....                  (no boots)
Stlth    +++.......             e - amulet of magic regeneration
HPRegen  0.12/turn              j - ring of protection from cold
MPRegen  0.37/turn              (no ring)

@: agile
A: distributed training, fangs 1, strong nose
a: no special abilities


You were on level 2 of the Dungeon.
You were not hungry.

You visited 1 branch of the dungeon, and saw 2 of its levels.

You collected 66 gold pieces.

Inventory:

Hand Weapons
 a - a +0 falchion
 m - a +2 quarterstaff of chaos (weapon)
Missiles
 i - 52 stones (quivered)
Armour
 b - a +0 leather armour (worn)
 k - a +2 helmet (worn)
 n - a +0 cloak (worn)
Jewellery
 e - an amulet of magic regeneration (around neck)
 j - a ring of protection from cold (left hand)
Scrolls
 g - a scroll of remove curse
 h - a scroll of magic mapping
Potions
 f - a potion of curing {unknown}
 l - 2 potions of flight
Comestibles
 d - 2 rations


   Skills:
 + Level 4.6 Fighting
 + Level 1.0 Short Blades
 + Level 4.6 Long Blades
 + Level 1.0 Axes
 + Level 1.0 Maces & Flails
 + Level 1.0 Polearms
 + Level 1.0 Staves
 + Level 1.0 Slings
 + Level 1.0 Bows
 + Level 1.0 Crossbows
 + Level 1.0 Throwing
 + Level 2.7 Armour
 + Level 4.6 Dodging
 + Level 1.0 Stealth
 + Level 1.0 Shields
 + Level 1.0 Unarmed Combat
 + Level 5.0 Spellcasting
 + Level 0.7 Conjurations
 + Level 0.7 Hexes
 + Level 5.4 Charms
 + Level 0.7 Summonings
 + Level 0.7 Necromancy
 + Level 0.7 Translocations
 + Level 0.7 Transmutations
 + Level 0.7 Fire Magic
 + Level 0.7 Ice Magic
 + Level 0.7 Air Magic
 + Level 0.7 Earth Magic
 + Level 0.7 Poison Magic
 + Level 1.1 Invocations
 + Level 1.0 Evocations


You had 12 spell levels left.
You knew the following spells:

 Your Spells              Type           Power        Failure   Level  Hunger
a - Infusion              Chrm           ###.         2%          1    None

Your spell library contained the following spells:

 Spells                   Type           Power        Failure   Level  Hunger
 Regeneration             Chrm/Necr      ##........   17%         3    ###....
 Shroud of Golubria       Chrm/Tloc      ##........   9%          2    ##.....
 Song of Slaying          Chrm           ###.....     3%          2    ##.....
 Spectral Weapon          Hex/Chrm       ##......     17%         3    ###....


Dungeon Overview and Level Annotations

Branches:
Dungeon (2/15)

Altars:
Cheibriados
Nemelex Xobeh

Annotations:
D:2 Sigmund


Innate Abilities, Weirdness & Mutations

Your experience applies equally to all skills.
You have very sharp teeth.
Your uncanny sense of smell can sniff out nearby items.


Message History

You close the door.
An orc opens the door.
You close the door.
An orc opens the door.
You close the door.
An orc opens the door.
You close the door.
An orc opens the door.
You close the door.
An orc opens the door.
As you close the door, it creaks loudly!
An orc opens the door.
There's a creature in the doorway!
There's a creature in the doorway!
You hit the orc.
The orc appears confused.
The orc is moderately wounded.
The orc hits you with a hand axe.
* * * LOW HITPOINT WARNING * * *
Something hits you.
* * * LOW HITPOINT WARNING * * *
You catch the helpless orc completely off-guard!
You hit the orc.
Motes of dust swirl around the orc.
The orc is severely wounded.
The orc closely misses you. Something hits you!
You die...

...# ...# ...###
.....# .....#
.....# .....##♣♣♣♣♣
......#..♣.♣♣♣#####
.......{..♣..♣#o@.#
.........♣♣♣♣.{...#
......#.♣♣ ♣♣#..)#
#######♣♣ ##### # #
# #


You could see an orc (confused).

Vanquished Creatures
  Crazy Yiuf (D:2)
  An adder (D:2)
  A giant cockroach (D:1)
  3 hobgoblins (D:1)
  2 bats (D:1)
  3 frilled lizards (D:2)
  6 goblins
  4 kobolds
  4 rats (D:1)
25 creatures vanquished.

Vanquished Creatures (others)
  A dart slug (D:2)
1 creature vanquished.

Grand Total: 26 creatures vanquished

Notes
Turn   | Place    | Note
-------+----------+-------------------------------------------
     0 | D:1      | EloyTheNewbi the Gnoll Skald began the quest for the Orb.
     0 | D:1      | Reached XP level 1. HP: 20/20 MP: 6/6
   189 | D:1      | Reached XP level 2. HP: 22/26 MP: 7/7
   542 | D:2      | Reached skill level 5 in Spellcasting
   542 | D:2      | Reached XP level 3. HP: 29/31 MP: 7/9
   622 | D:2      | Noticed Sigmund
   631 | D:2      | Found a snail-covered altar of Cheibriados.
   984 | D:2      | Found a sparkling altar of Nemelex Xobeh.
  1068 | D:2      | Found a runed door.
  1072 | D:2      | Noticed Crazy Yiuf
  1082 | D:2      | Killed Crazy Yiuf
  1082 | D:2      | Reached skill level 1 in Short Blades
  1082 | D:2      | Reached skill level 1 in Axes
  1082 | D:2      | Reached skill level 1 in Maces & Flails
  1082 | D:2      | Reached skill level 1 in Polearms
  1082 | D:2      | Reached skill level 1 in Staves
  1082 | D:2      | Reached skill level 1 in Slings
  1082 | D:2      | Reached skill level 1 in Bows
  1082 | D:2      | Reached skill level 1 in Crossbows
  1082 | D:2      | Reached skill level 1 in Throwing
  1082 | D:2      | Reached skill level 1 in Stealth
  1082 | D:2      | Reached skill level 1 in Shields
  1082 | D:2      | Reached skill level 1 in Unarmed Combat
  1082 | D:2      | Reached skill level 1 in Invocations
  1082 | D:2      | Reached skill level 1 in Evocations
  1082 | D:2      | Reached XP level 4. HP: 28/38 MP: 11/11
  1293 | D:2      | Mangled by Sigmund

Vault maps used:
D:1:      saegor_arrival_under_anarchy, item_on_display_a
D:2:      kennysheep_slug_shrine, nemelex_altar_shiori, uniq_sigmund,
          uniq_crazy_yiuf_cottage

Skill      XL: |  1  2  3 |
---------------+----------+-----
Spellcasting   | 5 |  5.0
Short Blades   | 1 |  1.0
Axes           | 1 |  1.0
Maces & Flails | 1 |  1.0
Polearms       | 1 |  1.0
Staves         | 1 |  1.0
Slings         | 1 |  1.0
Bows           | 1 |  1.0
Crossbows      | 1 |  1.0
Throwing       | 1 |  1.0
Stealth        | 1 |  1.0
Shields        | 1 |  1.0
Unarmed Combat | 1 |  1.0
Invocations    | 1 |  1.1
Evocations     | 1 |  1.0
Fighting       | |  4.6
Long Blades    | |  4.6
Armour         | |  2.7
Dodging        | |  4.6
Conjurations   | |  0.7
Hexes          | |  0.7
Charms         | |  5.4
Summonings     | |  0.7
Necromancy     | |  0.7
Translocations | |  0.7
Transmutations | |  0.7
Fire Magic     | |  0.7
Ice Magic      | |  0.7
Air Magic      | |  0.7
Earth Magic    | |  0.7
Poison Magic   | |  0.7

Action                   |  1- 3 |  4- 6 || total
-------------------------+-------+-------++-------
Melee: Falchion          |    76 |       ||    76
       Bite              |     6 |     1 ||     7
       Quarterstaff      |       |     5 ||     5
 Cast: Infusion          |     1 |       ||     1
  Use: Scroll            |     3 |       ||     3
       Potion            |     1 |     1 ||     2
 Stab: Confused          |       |     1 ||     1
  Eat: Chunk             |     1 |       ||     1
Armor: Leather armour    |    20 |     1 ||    21
Dodge: Dodged            |    60 |     4 ||    64
       Rpst.: Falchion   |    20 |       ||    20

Table legend:
 A = Spawn XP
 B = Non-spawn XP
 C = Spawn XP percentage of total XP
 D = Spawn monster count
 E = Non-spawn monster count
 F = Spawn count percentage of total count
 G = Total turns spent on level
                    A         B        C        D         E        F      G
               +---------+---------+-------+---------+---------+-------+---------
         Total |       0 |      89 |   0.0 |       0 |      26 |   0.0 |  1293
               +---------+---------+-------+---------+---------+-------+---------
           D:1 |       0 |      26 |   0.0 |       0 |      18 |   0.0 |   754
           D:2 |       0 |      63 |   0.0 |       0 |       8 |   0.0 |   539
               +---------+---------+-------+---------+---------+-------+---------
